 Dungeon Crawl Stone Soup version 0.30-a0-331-g8ab09dc110 (webtiles) character file.

Game seed: 290085853714890114

14 snek11 the Conjurer (level 2, -1/2 (24) HPs)
             Began as a Draconian Reaver on Oct 29, 2022.
             Was a Follower of Nemelex Xobeh.
             Slain by a hobgoblin (3 damage)
             ... on level 1 of the Dungeon.
             The game lasted 00:05:52 (3832 turns).

snek11 the Conjurer (Draconian Reaver)              Turns: 3832, Time: 00:05:53

HP:   -1/2 (24)     AC:  4    Str: 14    XL:     2   Next: 31%
MP:   5/5           EV: 12    Int: 13    God:    Nemelex Xobeh [*.....]
Gold: 16            SH:  0    Dex:  9    Spells: 4/5 levels left

rFire   . . .      SeeInvis .    a - +0 short sword
rCold   . . .      Faith    .    (no shield)
rNeg    . . .      Spirit   .    (body armour unavailable)
rPois   .          Reflect  .    (helmet restricted)
rElec   .          Harm     .    (no cloak)
rCorr   .          Rampage  .    (no gloves)
Will    .....                    (no boots)
Stlth   +.........               (no amulet)
HPRegen 0.20/turn                (no ring)
MPRegen 0.09/turn                (no ring)

@: extremely drained
A: AC +4, unfitting armour, cold-blooded
a: Renounce Religion, Draw Escape, Draw Destruction, Draw Summoning


You were on level 1 of the Dungeon.
You worshipped Nemelex Xobeh.
Nemelex Xobeh was aware of your devotion.
You visited 1 branch of the dungeon, and saw 1 of its levels.

You collected 16 gold pieces.

Inventory:

Hand Weapons
 a - a +0 short sword (weapon)
Scrolls
 b - a scroll of vulnerability {unknown}
 c - a scroll of identify {unknown}
 e - a scroll of enchant armour {unknown}
 f - a scroll of noise {unknown}
Potions
 d - a potion of berserk rage {unknown}


   Skills:
 * Level 2.2 Fighting
 + Level 3.2 Short Blades
 + Level 1.8 Dodging
 * Level 2.2 Spellcasting
 + Level 3.2 Conjurations


You had 4 spell levels left.
You knew the following spells:

 Your Spells              Type           Power      Damage    Failure   Level
a - Kiss of Death         Conj/Necr      20%        2d7       13%         1

Your spell library contained the following spells:

 Spells                   Type           Power      Damage    Failure   Level
 Momentum Strike          Conj/Tloc      10%        3d8       19%         2
 Hailstorm                Conj/Ice       5%         3d4       36%         3


Dungeon Overview and Level Annotations

Branches:
Dungeon (1/15)

Altars:
Nemelex Xobeh


Innate Abilities, Weirdness & Mutations

Your plain brown scales are hard. (AC +4)
You cannot fit into any form of body armour.
You are cold-blooded and may be slowed by cold attacks.


Message History

You kill the hobgoblin!
You feel drained.
An endoplasm comes into view.
Found 4 stones.
The endoplasm quivers.
Found 5 stones and a mace.
Casting: Kiss of Death (safe; 13% risk of failure)
Confirm with . or Enter, or press ? or * to list all spells.
Aiming: Kiss of Death (safe; 13% risk of failure)
Press: ? - help, Shift-Dir - straight line, f - endoplasm
Aim: an endoplasm (100% to hit)
The negative energy hits the endoplasm.
The endoplasm is drained!
You kill the endoplasm!
You feel drained.
Okay, then.
Unknown command.
HP restored.
Magic restored.
f - a scroll labelled UFUDEO ERRU You see here 4 stones.
You now have 16 gold pieces.
Found a faded altar of an unknown god.
There is a faded altar of an unknown god here.
This altar belongs to (a) Uskayaw, (b) Nemelex Xobeh or (c) Jiyva, but you can't tell which.
Press the corresponding letter to learn more about a god, or press enter to convert or escape to cancel.
Nemelex Xobeh accepts your prayer! Nemelex Xobeh welcomes you!
You can now draw from decks of power.
Nemelex will now gift you decks of power as you gain piety.
Nemelex Xobeh deals you some cards!
You now have 6 escape cards, 5 destruction cards and 1 summoning card.
You offer a prayer to Nemelex Xobeh.
Okay, then.
A hobgoblin comes into view.
A hobgoblin is nearby!
You barely miss the hobgoblin. The hobgoblin misses you.
You hit the hobgoblin but do no damage. You hit the hobgoblin but do no damage.
The hobgoblin hits you.
Ouch! That really hurt!
You die...
Your body disappears without a glow.

♣♣..♣#
♣♣♣.# #.#
#.# #.#
#.# #.#
#.########
#..@g....#
########.#


You could see a hobgoblin.

Vanquished Creatures
  A dart slug (D:1)
  2 endoplasms (D:1)
  3 hobgoblins (D:1)
  A ball python (D:1)
  2 bats (D:1)
  A frilled lizard (D:1)
  2 rats (D:1)
12 creatures vanquished.

Notes
Turn   | Place    | Note
-------+----------+-------------------------------------------
     0 | D:1      | snek11 the Draconian Reaver began the quest for the Orb.
     0 | D:1      | Reached XP level 1. HP: 17/17 MP: 3/3
   192 | D:1      | Reached XP level 2. HP: 4/9 MP: 3/5
  3806 | D:1      | Found a faded altar of an unknown god.
  3814 | D:1      | Prayed at the altar of an unknown god.
  3814 | D:1      | Became a worshipper of Nemelex Xobeh the Trickster
  3814 | D:1      | Reached * piety under Nemelex Xobeh
  3814 | D:1      | Received a gift from Nemelex Xobeh
  3832 | D:1      | Slain by a hobgoblin

Illustrated notes

Levels and vault maps discovered:
D:1:      sevenhm_arrival_forest_fort_small_3, layout_loops_ring,
          shapermc_ecumenical_altar_totnotflames

Action                   || total
-------------------------++-------
Melee: Short sword       ||     8
 Cast: Kiss of Death     ||    11
Armor: Skin              ||     3
Dodge: Dodged            ||     6

Table legend: (Time is in decaauts)
 A = Elapsed time spent in this place.
 B = Non-inter-level travel time spent in this place.
 C = Inter-level travel time spent in this place.
 D = Time resting spent in this place.
 E = Time spent auto-exploring this place.
 F = Levels seen in this place.
 G = Mean time per level.
                   A        B        C        D        E       F      G
               +--------+--------+--------+--------+--------+-----+--------+
         Total |   3830 |   3830 |      0 |   3447 |    262 |   1 | 3830.0 |
       Dungeon |   3830 |   3830 |      0 |   3447 |    262 |   1 | 3830.0 |
               +--------+--------+--------+--------+--------+-----+--------+

Top non-repeatable levels by time:
     D:1: 3830 daAuts
